 Dungeon Crawl Stone Soup version 0.24.0-123-gd5b16e6ec5 (webtiles) character file.

Game seed: 12197333153540793098, levelgen mode: deterministic

1391 Curus the Cleaver (level 8, -3/64 HPs)
             Began as a Minotaur Berserker on Jan 30, 2020.
             Was an Elder of Trog.
             Shot with an arrow by a centaur (12 damage)
             ... on level 6 of the Dungeon.
             The game lasted 00:17:12 (4488 turns).

Curus the Cleaver (Minotaur Berserker)              Turns: 4488, Time: 00:17:13

Health: -3/64      AC: 13    Str: 22    XL:     8   Next: 40%
Magic:  7/7        EV:  8    Int:  6    God:    Trog [****..]
Gold:   382        SH:  0    Dex: 13    Spells: 7/7 levels left

rFire    . . .     SeeInvis .   i - +2 hand axe (freeze)
rCold    . . .     Gourm    .   (no shield)
rNeg     . . .     Faith    .   h - +0 chain mail
rPois    .         Spirit   .   (helmet restricted)
rElec    .         Reflect  .   (no cloak)
rCorr    +         Harm     .   q - +2 pair of gloves
MR       ++...                  (no boots)
Stlth    ..........             (no amulet)
HPRegen  1.20/turn              g - +3 ring of dexterity
MPRegen  0.10/turn              k - ring of resist corrosion

@: flying, regenerating
A: retaliatory headbutt, horns 2, molten scales 1, blink, screaming 1,
MP-powered wands
a: Blink, Berserk, Trog's Hand, Brothers in Arms, Renounce Religion


You were on level 6 of the Dungeon.
You worshipped Trog.
Trog was greatly pleased with you.
You were hungry.

You visited 1 branch of the dungeon, and saw 6 of its levels.
You also visited: Sewer.

You collected 382 gold pieces.

Inventory:

Hand Weapons
 a - a +0 hand axe
 i - a +2 hand axe of freezing (weapon)
Armour
 b - a +0 animal skin
 d - a +0 leather armour
 h - a +0 chain mail (worn)
 q - a +2 pair of gloves (worn)
Jewellery
 g - a +3 ring of dexterity (left hand)
 j - an uncursed ring of teleportation
 k - a ring of resist corrosion (right hand)
Wands
 l - a wand of digging (5)
Scrolls
 e - 8 scrolls of identify
 m - a scroll of teleportation
 p - a scroll of remove curse
Potions
 f - a potion of mutation
 n - a potion of flight
 o - a potion of berserk rage
Comestibles
 c - 12 rations


   Skills:
 - Level 3.6 Fighting
 + Level 12.5 Axes
 - Level 2.4 Armour
 - Level 2.1 Dodging


You had 7 spell levels left.
You didn't know any spells.
Your spell library was empty.

Dungeon Overview and Level Annotations

Branches:
Dungeon (6/15)             Temple (0/1) D:6           Sewer (visited)

Altars:
Ashenzari
Fedhas
Makhleb
Wu Jian
Xom
Yredelemnul


Innate Abilities, Weirdness & Mutations

You reflexively headbutt those who attack you in melee.
You have a pair of horns on your head.
You are partially covered in molten scales. (AC +2)
You can translocate small distances at will.
You occasionally shout uncontrollably at your foes.
You expend magic power (3 MP) to strengthen your wands.


Message History

You are feeling hungry.
A centaur comes into view.
The centaur shoots an arrow.
The arrow hits you!
* * * LOW HITPOINT WARNING * * *
x2 You hear a splash.
The centaur shoots an arrow.
The arrow hits you.
* * * LOW HITPOINT WARNING * * *
You hear a splash.
The centaur shoots an arrow.
The arrow hits you.
* * * LOW HITPOINT WARNING * * *
You hear a splash.
The centaur wields a +0 shortbow.
The centaur shoots an arrow.
The arrow barely misses you.
You hear a splash.
The centaur shoots an arrow.
The arrow barely misses you.
The centaur shoots an arrow.
The arrow hits you.
* * * LOW HITPOINT WARNING * * *
You hear a splash.
The centaur shoots an arrow.
The arrow hits you!
You die...

#.≈≈≈≈≈≈≈≈≈##........# #.
#..≈≈≈≈≈≈≈≈≈#.)......# #.
#.c≈≈≈≈≈≈≈≈≈#........###.
#.c≈≈≈≈≈≈≈≈≈≈........##..
.cc≈≈≈≈≈≈≈≈≈≈.###....##..
c.≈≈≈≈≈≈≈≈≈≈≈.# #....##..
≈≈≈≈≈≈≈≈≈≈≈≈≈.# #....##..
≈≈≈≈≈≈≈≈≈≈≈≈..# #....##..
≈≈≈≈≈≈≈≈@(...## #....##..
≈≈≈≈≈....(#### #######..
≈≈≈≈..##### #.. .....#
### ##### # # #### #...
#.#.


You could see 4 centaurs.

Vanquished Creatures
  A hippogriff (D:5)
  Edmund (D:4)
  A black bear (D:6)
  An ice beast (D:5)
  A necrophage (D:6)
  2 ogres
  3 bullfrogs
  A scorpion (D:6)
  A howler monkey (D:6)
  2 crimson imps
  2 centaur skeletons
  An iguana (D:5)
  2 worker ants
  A gnoll (D:1)
  5 adders
  An ooze (D:6)
  3 worms
  3 dart slugs
  7 leopard geckos
  11 orcs
  7 bats
  18 giant cockroaches
  7 goblins
  4 hobgoblins
  3 jackals (D:3)
  3 quokkas
  4 ball pythons
  A ball python skeleton (D:4)
  7 frilled lizards
  11 kobolds
  4 rats
119 creatures vanquished.

Notes
Turn   | Place    | Note
-------+----------+-------------------------------------------
     0 | D:1      | Curus the Minotaur Berserker began the quest for the Orb.
     0 | D:1      | Reached XP level 1. HP: 19/19 MP: 0/0
    38 | D:1      | Reached skill level 4 in Axes
    86 | D:1      | Reached XP level 2. HP: 11/26 MP: 1/1
   398 | D:1      | Reached skill level 5 in Axes
   473 | D:1      | Reached XP level 3. HP: 31/31 MP: 2/2
   768 | D:2      | You fall into a shaft and drop 1 floor!
   768 | D:3      | Found a blossoming altar of Fedhas.
   816 | D:3      | Reached ** piety under Trog
  1329 | D:2      | Found a shattered altar of Ashenzari.
  1477 | D:3      | Gained mutation: You can translocate small distances at
                  | will. [potion of mutation]
  1477 | D:3      | Gained mutation: You are partially covered in molten
                  | scales. (AC +2) [potion of mutation]
  1477 | D:3      | Gained mutation: You occasionally shout uncontrollably at
                  | your foes. [potion of mutation]
  1477 | D:3      | Gained mutation: You expend magic power (3 MP) to
                  | strengthen your wands. [potion of mutation]
  1540 | D:3      | Reached skill level 6 in Axes
  1540 | D:3      | Reached XP level 4. HP: 36/39 MP: 3/3
  1999 | D:3      | Reached *** piety under Trog
  2047 | D:3      | Found a burning altar of Makhleb.
  2048 | D:3      | Found a shimmering altar of Xom.
  2062 | D:3      | Reached skill level 7 in Axes
  2062 | D:3      | Reached XP level 5. HP: 41/45 MP: 4/4
  2181 | D:4      | Noticed an ogre
  2188 | D:4      | Killed an ogre
  2188 | D:4      | Reached skill level 8 in Axes
  2256 | D:4      | Reached XP level 6. HP: 51/51 MP: 5/5
  2306 | D:4      | Noticed Edmund
  2323 | D:4      | Killed Edmund
  2546 | D:5      | Entered Level 5 of the Dungeon
  2577 | D:5      | Reached skill level 9 in Axes
  2606 | D:5      | Found a glowing drain.
  2642 | Sewer    | Entered a sewer
  2769 | Sewer    | Reached XP level 7. HP: 51/57 MP: 6/6
  3165 | D:5      | Reached skill level 10 in Axes
  3185 | D:5      | Noticed a hippogriff
  3194 | D:5      | Killed a hippogriff
  3195 | D:5      | Reached skill level 11 in Axes
  3501 | D:5      | Found a basalt altar of Yredelemnul.
  3619 | D:5      | Reached XP level 8. HP: 53/64 MP: 7/7
  4051 | D:6      | Found an ornate altar of the Wu Jian Council.
  4089 | D:6      | Reached **** piety under Trog
  4110 | D:6      | Reached skill level 12 in Axes
  4115 | D:6      | Found a staircase to the Ecumenical Temple.
  4488 | D:6      | Shot with an arrow by a centaur

Levels and vault maps discovered:
D:1:      minmay_arrival_hallway, layout_basic, minmay_misc_feat_rugged
D:2:      layout_loops_cross, lemuel_coloured_pillars_altar, hex_large
D:3:      layout_rooms, grunt_temple_overflow_champion_of_chaos, fedhas_altar_1,
          first_ration
D:4:      layout_rooms, uniq_edmund
D:5:      layout_basic, kennysheep_little_box, gup_sewer_entry_glass
D:6:      layout_basic, lemuel_round_altar, minmay_temple_entry_ruins,
          centaur_isle

Skill      XL: |  1  2  3  4  5  6  7  8 |
---------------+-------------------------+-----
Axes           | 4 5 6 7 8 9 11 12 | 12.5
Fighting       | |  3.6
Armour         | |  2.4
Dodging        | |  2.1

Action                   |  1- 3 |  4- 6 |  7- 9 || total
-------------------------+-------+-------+-------++-------
Melee: Hand axe          |    88 |   118 |    69 ||   275
       Headbutt          |    14 |    28 |    10 ||    52
Invok: Berserk           |     1 |       |     1 ||     2
       Trog's Hand       |       |       |     1 ||     1
  Use: Scroll            |     5 |     3 |     1 ||     9
       Potion            |     4 |     1 |     3 ||     8
 Stab: Invisible         |     1 |       |       ||     1
  Eat: Chunk             |     3 |     4 |     3 ||    10
       Ration            |       |       |     1 ||     1
Armor: Animal skin       |     7 |       |       ||     7
       Leather armour    |    11 |     3 |       ||    14
       Chain mail        |       |    40 |    28 ||    68
Dodge: Dodged            |    50 |    44 |    31 ||   125
